 Dungeon Sprint DCSS version 0.18-a0-1426-g3b9a63c (webtiles) character file.

6 chei the Stinger (level 1, 0/15 HPs)
             Began as a Naga Venom Mage on Feb 27, 2016.
             Slain by a giant cockroach (2 damage)
             ... in the Dungeon (Sprint IX: "|||||||||||||||||||||||||||||").
             The game lasted 00:01:09 (344 turns).

chei the Stinger (Naga Venom Mage)                   Turns: 344, Time: 00:01:09

Health: 0/15       AC:  1    Str: 10    XL:     1   Next: 90%
Magic:  3/3        EV: 10    Int: 15    God:
Gold:   0          SH:  0    Dex: 11    Spells: 1 memorised, 3 levels left

rFire  . . .     SeeInvis +     j - +0 club
rCold  . . .     Gourm    .     a - +0 robe
rNeg   . . .     Faith    .     (no shield)
rPois  +         Spirit   .     (no helmet)
rElec  .         Dismiss  .     (no cloak)
rCorr  .         Reflect  .     (no gloves)
SustAt .         Harm     .     (no barding)
MR     .....     NoTele   +     (no amulet)
Stlth  ++........               (no ring)
                                (no ring)

@: exhausted, very slightly contaminated, hasted and slowed, very slow, not
resistant to hostile enchantments, unstealthy
A: see invisible, deformed body, poison resistance, slowness 2, slow metabolism
1, spit poison 2, AC +0
a: Spit Poison


You were in the Dungeon.
You were not hungry.

You visited 1 branch

Inventory:

Hand Weapons
 j - a +0 club (weapon)
Armour
 a - a +0 robe (worn)
Potions
 d - a potion of curing
 g - 2 potions of magic
Books
 b - a Young Poisoner's Handbook

   Spells                             Type                      Level
   a - Sting                          Conjuration/Poison           1
   b - Cure Poison                    Poison                       2
   c - Mephitic Cloud                 Conjuration/Poison/Air       3
   d - Olgreb's Toxic Radiance        Poison                       4
   e - Venom Bolt                     Conjuration/Poison           5
Comestibles
 c - a bread ration


   Skills:
 + Level 1.8 Dodging
 - Level 3.0 Stealth
 + Level 2.2 Spellcasting
 * Level 6.8 Poison Magic


You had 3 spell levels left.
You knew the following spells:

 Your Spells              Type           Power        Failure   Level  Hunger
a - Sting                 Conj/Pois      ##..         8%          1    #......


Dungeon Overview and Level Annotations

Branches:
Dungeon (1/1)

Altars:
Kikubaaqudgha
Okawaru
Vehumet
Xom
Yredelemnul
Zin
The Shining One


Innate Abilities, Weirdness & Mutations

You cannot wear boots.
Your serpentine skin is tough (AC +0).
You have supernaturally acute eyesight.
Armour fits poorly on your strangely shaped body.
Your system is resistant to poisons.
You cover ground very slowly.
You have a slow metabolism.
You can spit poison.


Message History

The crimson imp is moderately wounded.
You have got your breath back.
The crimson imp hits you.
* * * LOW HITPOINT WARNING * * *
You closely miss the crimson imp.
The crimson imp is moderately wounded.
The giant cockroach waves its antennae.
The crimson imp hits you.
* * * LOW HITPOINT WARNING * * *
The crimson imp hits you.
* * * LOW HITPOINT WARNING * * *
Read which item? (? for menu, Esc to quit)
Blink to where?
Press: ? - help, Dir - move target cursor, p - giant cockroach
As you read the scroll of blinking, it crumbles to dust.
The giant cockroach closely misses you.
The crimson imp blinks!
You open the door. The giant cockroach barely misses you.
Found six altars.
The giant cockroach bites you.
You die...

▓_▓
▓_▓
▓_▓
▓_▓
▓_▓
▓_▓
▓_▓
▓@▓
▓s▓
▓5▓
▓s▓
▓.▓
▓§▓
▓'▓
▓.▓
▓5▓


You could see a quasit and 2 giant cockroaches.

Vanquished Creatures
  A giant cockroach (D)
  A goblin (D)
  A hobgoblin (D)
  A bat (D)
  A giant cockroach zombie (D)
  A giant newt (D)
6 creatures vanquished.

Notes
Turn   | Place    | Note
--------------------------------------------------------------
     0 | D        | chei the Naga Venom Mage began the quest for the Orb.
     0 | D        | Reached XP level 1. HP: 15/15 MP: 3/3
     6 | D        | Reached skill level 6 in Poison Magic
   317 | D        | Noticed a quasit
   317 | D        | Noticed a crimson imp
   343 | D        | Found a glowing silver altar of Zin.
   343 | D        | Found a glowing golden altar of the Shining One.
   343 | D        | Found an ancient bone altar of Kikubaaqudgha.
   343 | D        | Found a basalt altar of Yredelemnul.
   343 | D        | Found a shimmering altar of Xom.
   343 | D        | Found a radiant altar of Vehumet.
   344 | D        | Found an iron altar of Okawaru.
   344 | D        | Slain by a giant cockroach

Vault maps used:
D:        linesprint

Skill      XL: |  1 |
---------------+----+-----
Poison Magic   | 6 |  6.8
Dodging        | |  1.8
Stealth        | |  3.0
Spellcasting   | |  2.2

Action                   || total
-------------------------++-------
Melee: Club              ||    18
       Unarmed           ||    12
 Cast: Sting             ||     3
 Abil: Spit Poison       ||     6
  Use: Potion            ||     3
       Scroll            ||     1
